 Dungeon Crawl Stone Soup version 0.31.0-11-ge490571c62 (webtiles) character file.

Game seed: 2284640543014201170

93 qw the Shooter (level 4, -3/25 HPs)
             Began as a Deep Elf Hunter on Feb 4, 2024.
             Killed from afar by Ijyb (4 damage)
             ... with a puff of flame
             ... on level 3 of the Dungeon.
             The game lasted 00:00:51 (1488 turns).

qw the Shooter (Deep Elf Hunter)                    Turns: 1488, Time: 00:00:52

Health: -3/25      AC:  5    Str: 10    XL:     4   Next: 37%
Magic:  6/6        EV: 11    Int: 14    God:
Gold:   123        SH:  0    Dex: 18    Spells: 3/3 levels left

rFire   . . .        a - +0 shortbow
rCold   . . .        (shield currently unavailable)
rNeg    . . .        n - +0 ring mail
rPois   .            (no helmet)
rElec   .            (no cloak)
rCorr   .            (no gloves)
SInv    .            (no boots)
Will    .....        (no amulet)
Stlth   +            (no ring)
HPRegen 0.24/turn    (no ring)
MPRegen 0.10/turn

%: no passive effects
@: lethally poisoned (-3 -> -16)
A: no striking features
a: no special abilities


You were on level 3 of the Dungeon.
You visited 1 branch of the dungeon, and saw 3 of its levels.

You collected 123 gold pieces.


   Skills:
 - Level 1.5 Fighting
 + Level 7.8 Ranged Weapons
 - Level 2.4 Dodging
 - Level 1.2 Stealth


You had 3 spell levels left.
You didn't know any spells.
Your spell library was empty.

Inventory:

Hand Weapons
 a - a +0 shortbow (weapon)
Armour
 b - a +1 hat
 n - a +0 ring mail (worn)
Scrolls
 c - a scroll of teleportation
 f - a scroll of torment {unknown}
Potions
 d - a potion of enlightenment {unknown}
 e - a potion of haste {unknown}
 g - 4 potions of curing
 i - 2 potions of degeneration {unknown}
 j - a potion of brilliance {unknown}
 k - a potion of invisibility {unknown}

Dungeon Overview and Level Annotations

Branches:
Dungeon (3/15)

Altars:

Annotations:
D:3 1 runed translucent door, Ijyb; qw's ghost, amateur DEHu


Message History

You shoot an arrow.
The arrow hits the adder but does no damage.
The adder hisses angrily.
You shoot an arrow.
The arrow hits the adder but does no damage.
You shoot an arrow. The arrow hits the adder.
The adder is lightly wounded.
Ijyb the Twisted Goblin comes into view.
She is wielding a +0 dagger of venom and carrying a wand of flame.
You shoot an arrow. The arrow barely misses the adder.
Ijyb shouts!
The adder closely misses you.
You shoot an arrow. The arrow hits the adder.
The adder is heavily wounded.
The adder bites you. The adder barely misses you.
You shoot an arrow. The arrow hits the adder.
The adder is almost dead.
The adder bites you.
You are poisoned.
The adder poisons you!
Qw's ghost shrieks, "I have seen your future, and it is all used up."
You shoot an arrow. The arrow misses the adder.
You feel sick. The adder bites you but does no damage. The adder bites you.
You shoot an arrow. The arrow hits the adder.
You kill the adder!
You feel sick.
You shoot an arrow. The arrow barely misses Ijyb.
You feel sick.
You are no longer poisoned.
Ijyb hits you with a +0 dagger of venom.
You are poisoned.
You shoot an arrow. The arrow hits Ijyb!
Ijyb is moderately wounded.
You feel very sick.
Ijyb hits you with a +0 dagger of venom.
You are more poisoned.
You shoot an arrow. The arrow hits Ijyb.
Ijyb is heavily wounded.
You feel very sick.
Ijyb zaps a wand.
The puff of flame hits you.
You die...

#.##.#...##...##...########.
#.##.##...##W##........)....
#.##.###...#+#...###..######
#........## #..# #.......##
#..# ##.#.#### #..# #...#
#..# ###.# ...[ #@# ..##
......g........
#..############


You could see Ijyb and qw's ghost.

Vanquished Creatures
  6 adders
  A dart slug (D:1)
  A ribbon worm (D:2)
  4 endoplasms
  2 giant cockroaches
  6 goblins
  3 hobgoblins
  5 kobolds
  3 quokkas
  2 ball pythons (D:3)
  2 bats (D:2)
  A rat (D:3)
36 creatures vanquished.

Notes
Turn   | Place    | Note
-------+----------+-------------------------------------------
     0 | D:1      | qw the Deep Elf Hunter began the quest for the Orb.
     0 | D:1      | Reached XP level 1. HP: 12/12 MP: 3/3
     0 | D:1      | 0 ||| qw: Version: 0.3-a-160-g6735b56
     0 | D:1      | 0 ||| qw: Game counter: 5945
     0 | D:1      | 0 ||| qw: Melee chars always use a shield: true
     0 | D:1      | 0 ||| qw: God list: Okawaru
     0 | D:1      | 0 ||| qw: Allow faded altars: false
     0 | D:1      | 0 ||| qw: Do Orc after clearing Dungeon:15 true
     0 | D:1      | 0 ||| qw: Do second Lair branch before Depths: true
     0 | D:1      | 0 ||| qw: Lair rune preference: random
     0 | D:1      | 0 ||| qw: Goals: Normal
     0 | D:1      | 0 ||| PLANNING D:1-11
   364 | D:1      | Reached XP level 2. HP: 16/16 MP: 4/4
   495 | D:1      | Reached skill level 6 in Ranged Weapons
   782 | D:1      | 782 ||| UPGRADING to +0 ring mail.
   792 | D:1      | 792 ||| DROPPING +0 leather armour.
   793 | D:1      | 793 ||| READING scroll labelled MENACIU ATTU.
   794 | D:1      | 794 ||| READING scroll labelled QAKHIXERAA.
   795 | D:1      | 795 ||| READING 2 scrolls labelled FEVAP IMAE.
   795 | D:1      | 795 ||| IDENTIFYING brown potion
   796 | D:1      | 796 ||| READING scroll of identify.
   796 | D:1      | 796 ||| IDENTIFYING bubbling golden potion
   797 | D:1      | 797 ||| READING scroll labelled GIPUOTI YPOMN.
   798 | D:1      | 798 ||| READING scroll labelled TABIOV EFALAFF.
   802 | D:1      | 802 ||| DROPPING scroll of butterflies.
   803 | D:1      | 803 ||| DROPPING potion of attraction.
   931 | D:2      | Reached XP level 3. HP: 20/20 MP: 5/5
  1080 | D:2      | Reached skill level 7 in Ranged Weapons
  1312 | D:3      | Reached XP level 4. HP: 25/25 MP: 6/6
  1363 | D:3      | Noticed qw's ghost (amateur DEHu)
  1364 | D:3      | Found a runed translucent door.
  1480 | D:3      | Noticed Ijyb
  1488 | D:3      | HP: 1/25 [poisoned by Ijyb]
  1488 | D:3      | Killed from afar by Ijyb

Levels and vault maps discovered:
D:1:      wander_arrival_peaceful_grave, layout_loops_ring, serial_forest,
          infiniplex_forest_lined_corner, infiniplex_forest_clump_curved,
          infiniplex_forest_end_2, infiniplex_forest_fountain,
          infiniplex_forest_straight_1, infiniplex_forest_clump_small
D:2:      layout_basic
D:3:      layout_loops_ring, hellmonk_ghost_happy_afterlife, uniq_ijyb

Skill      XL: |  1  2  3 |
---------------+----------+-----
Ranged Weapons | 6 7 |  7.8
Fighting       | |  1.5
Dodging        | |  2.4
Stealth        | |  1.2

Action                     |  1- 3 |  4- 6 || total
---------------------------+-------+-------++-------
   Fire: Shortbow          |    81 |    33 ||   114
    Use: Scroll            |     6 |       ||     6
 Armour: Ring mail         |     8 |     7 ||    15
  Dodge: Dodged            |    14 |     5 ||    19

Table legend:
 A = Non-vault XP
 B = Vault XP
 C = Vault XP percentage of total XP
 D = Non-vault monster count
 E = Vault monster count
 F = Vault count percentage of total count
                 A         B        C        D         E       F
            +---------+---------+-------+---------+---------+-------
      Total |     134 |       0 |   0.0 |      36 |       0 |   0.0
            +---------+---------+-------+---------+---------+-------
        D:1 |      18 |       0 |   0.0 |       8 |       0 |   0.0
        D:2 |      60 |       0 |   0.0 |      14 |       0 |   0.0
        D:3 |      56 |       0 |   0.0 |      14 |       0 |   0.0
            +---------+---------+-------+---------+---------+-------
